 Dungeon Crawl Stone Soup version 0.20.0-15-g7f486f2 (webtiles) character file.

163 Hasart the Chiller (level 5, -7/36 HPs)
             Began as a Demonspawn Ice Elementalist on June 15, 2017.
             Killed by nerve-wracking pain
             ... invoked by Grinder
              (9 damage)
             ... on level 3 of the Dungeon.
             The game lasted 00:04:22 (2286 turns).

Hasart the Chiller (Demonspawn Ice Elementalist)    Turns: 2286, Time: 00:04:24

Health: -7/36      AC:  5    Str:  8    XL:     5   Next: 20%
Magic:  9/9        EV: 17    Int: 17    God:
Gold:   180        SH:  0    Dex: 19    Spells: 5/10 levels left

rFire    . . .     SeeInvis .   f - +0 dagger
rCold    . . .     Gourm    .   (no shield)
rNeg     . . .     Faith    .   a - +0 robe
rPois    .         Spirit   .   e - +0 helmet
rElec    .         Reflect  .   (no cloak)
rCorr    .         Harm     .   l - +0 pair of gloves
MR       .....                  (no boots)
Stlth    +++.......             j - amulet of regeneration
Regen    0.6/turn               (no ring)
MPRegen  0.2/turn               (no ring)

@: agile, flying
A: hooves 1, rugged brown scales 1, rot immunity
a: no special abilities


You were on level 3 of the Dungeon.
You were hungry.

You visited 1 branch of the dungeon, and saw 3 of its levels.

You collected 180 gold pieces.

Inventory:

Hand Weapons
 f - a +0 dagger (weapon)
Armour
 a - a +0 robe (worn)
 e - a +0 helmet (worn)
 l - a +0 pair of gloves (worn)
Jewellery
 j - an amulet of regeneration (around neck)
Wands
 n - a wand of disintegration (7/24)
 s - a wand of paralysis (11/24)
Scrolls
 d - a scroll of fog {unknown}
 g - a scroll of random uselessness {unknown}
 h - a scroll of amnesia {unknown}
 i - a scroll of teleportation {unknown}
 k - a scroll of recharging {unknown}
 o - a scroll of blinking {unknown}
 p - a scroll of immolation {unknown}
 q - 4 scrolls of remove curse {unknown}
Books
 b - a book of Frost

   Spells                             Type                      Level
   a - Freeze                         Ice                          1
   b - Throw Frost                    Conjuration/Ice              2
   c - Ozocubu's Armour               Charms/Ice                   3
   d - Throw Icicle                   Conjuration/Ice              4
   e - Summon Ice Beast               Ice/Summoning                4
Comestibles
 c - 3 bread rations
 m - a meat ration


   Skills:
 - Level 1.7 Dodging
 - Level 1.7 Stealth
 + Level 3.1 Spellcasting
 - Level 1.0 Conjurations
 * Level 4.8 Ice Magic


You had 5 spell levels left.
You knew the following spells:

 Your Spells              Type           Power        Failure   Level  Hunger
a - Freeze                Ice            ###.         2%          1    None
b - Throw Icicle          Conj/Ice       ##......     45%         4    ####...


Dungeon Overview and Level Annotations

Branches:
Dungeon (3/15)

Altars:
Hepliaklqana

Annotations:
D:3 Grinder


Innate Abilities, Weirdness & Mutations

You have large cloven feet.
You are partially covered in rugged brown scales. (AC +1, +3% HP)
You are immune to rotting.


Message History

It was a potion of flight.
You feel very buoyant.
You fly up into the air.
Grinder hits you but does no damage.
It was a potion of magic.
Magic courses through your body. Grinder hits you.
You writhe in agony.
It was a potion of agility.
You feel agile all of a sudden. Grinder hits you.
You writhe in agony.
Unknown command.
You closely miss Grinder. Grinder barely misses you.
You hit Grinder.
Grinder is lightly wounded.
Grinder gestures at you. Pain shoots through your body!
* * * LOW HITPOINT WARNING * * *
You hit Grinder.
Grinder is lightly wounded.
Grinder gestures at you. Pain shoots through your body!
You die...

#####...♣..#
#......♣_♣.#
#.......♣..#
#..........#
#..........#
#.......^.######
#.)............#
##?......######.##
#@.####### ##...
#.5.## #.... #.#..
.....### #...##
##### #####


You could see Grinder.

Vanquished Creatures
  An orc wizard (D:3)
  7 adders
  2 oozes
  3 worms
  2 dart slugs
  3 orcs (D:3)
  3 giant cockroaches
  9 hobgoblins
  3 kobolds
  A quokka (D:2)
  2 bats (D:3)
  2 frilled lizards
  7 goblins
  4 rats
49 creatures vanquished.

Notes
Turn   | Place    | Note
-------+----------+-------------------------------------------
     0 | D:1      | Hasart the Demonspawn Ice Elementalist began the quest for the Orb.
     0 | D:1      | Reached XP level 1. HP: 13/13 MP: 3/3
   259 | D:1      | Reached skill level 3 in Ice Magic
   259 | D:1      | Gained mutation: You are immune to rotting. [demonic ancestry]
   259 | D:1      | Reached XP level 2. HP: 15/19 MP: 0/5
   774 | D:1      | You fall through a shaft!
  1080 | D:2      | Gained mutation: You have large cloven feet. [demonic ancestry]
  1080 | D:2      | Reached XP level 3. HP: 24/24 MP: 3/6
  1252 | D:2      | Found a hazy altar of Hepliaklqana.
  1486 | D:2      | Reached skill level 4 in Ice Magic
  1486 | D:2      | Gained mutation: You are partially covered in rugged brown scales. (AC +1, +3% HP) [demonic ancestry]
  1486 | D:2      | Reached XP level 4. HP: 18/30 MP: 5/8
  1943 | D:3      | Learned a level 4 spell: Throw Icicle
  1994 | D:3      | Reached XP level 5. HP: 20/36 MP: 4/9
  2223 | D:3      | Found a faded altar of an unknown god.
  2278 | D:3      | Noticed Grinder
  2286 | D:3      | Killed from afar by Grinder

Skill      XL: |  1  2  3  4  5 |
---------------+----------------+-----
Ice Magic      | 3 4 |  4.8
Spellcasting   | 3 |  3.1
Dodging        | |  1.7
Stealth        | |  1.7
Conjurations   | |  1.0

Action                   |  1- 3 |  4- 6 || total
-------------------------+-------+-------++-------
Melee: Dagger            |    53 |     7 ||    60
       Kick              |     4 |       ||     4
 Cast: Freeze            |    38 |    50 ||    88
  Use: Potion            |       |     4 ||     4
 Stab: Sleeping          |     1 |     1 ||     2
  Eat: Chunk             |     2 |     2 ||     4
Armor: Robe              |    18 |    10 ||    28
Dodge: Dodged            |    48 |    36 ||    84
